 Dungeon Crawl Stone Soup version 0.28-a0-1518-gbe868bca14 (webtiles) character file.

Game seed: 12579458630831101099

599 fragbeetle the Insei (level 7, -4/57 HPs)
             Began as a Pale Draconian Transmuter on Jan 17, 2022.
             Killed by divine providence
             ... invoked by an orc priest
              (15 damage)
             ... on level 5 of the Dungeon.
             The game lasted 00:06:10 (3644 turns).

fragbeetle the Insei (Pale Draconian Transmuter)    Turns: 3644, Time: 00:06:11

Health: -4/57      AC:  6    Str: 13    XL:     7   Next: 17%
Magic:  3/10       EV: 13    Int: 13    God:
Gold:   267        SH:  0    Dex: 13    Spells: 3/10 levels left

rFire   + . .      SeeInvis .     - Unarmed
rCold   . . .      Faith    .   (no shield)
rNeg    . . .      Spirit   .   (armour unavailable)
rPois   .          Reflect  .   (helmet currently unavailable)
rElec   .          Harm     .   (no cloak)
rCorr   .          Rampage  .   (no gloves)
Will    .....                   (boots currently unavailable)
Stlth   +.........              (no amulet)
HPRegen 0.19/turn               n - ring of protection from fire
MPRegen 0.12/turn               (no ring)

@: appendages, very slightly contaminated
A: horns 2, talons 2, breathe steam, AC +6, unfitting armour, cold-blooded,
steam resistance
a: Breathe Steam, End Transformation


You were on level 5 of the Dungeon.
You had temporarily grown beastly horns and talons.
You visited 1 branch of the dungeon, and saw 5 of its levels.

You collected 267 gold pieces.

Inventory:

Hand Weapons
 h - a +0 hunting sling
Missiles
 b - 4 javelins
 d - 11 boomerangs
 l - 78 stones
Armour
 c - a +1 hat (melded)
Magical Staves
 s - a staff of fire
Jewellery
 n - a ring of protection from fire (left hand)
 t - a +4 ring of protection
Wands
 p - a wand of polymorph (12)
 v - a wand of digging (5)
Scrolls
 a - 5 scrolls of identify {unknown}
 e - a scroll of silence {unknown}
 f - 3 scrolls of teleportation {unknown}
 k - 2 scrolls of fog {unknown}
 m - a scroll of immolation {unknown}
 o - a scroll of vulnerability {unknown}
 u - a scroll of summoning {unknown}
Potions
 g - a potion of invisibility {unknown}
 i - a potion of ambrosia {unknown}
 j - a potion of might {unknown}
 q - 3 potions of curing {unknown}
 r - a potion of flight {unknown}


   Skills:
 + Level 3.0 Fighting
 + Level 3.1 Dodging
 * Level 5.0 Unarmed Combat
 - Level 2.0 Spellcasting
 * Level 4.5 Transmutations
 + Level 1.9 Ice Magic
 + Level 2.0 Poison Magic


You had 3 spell levels left.
You knew the following spells:

 Your Spells              Type           Power      Damage    Failure   Level
a - Beastly Appendage     Tmut           26%        N/A       4%          1
b - Spider Form           Tmut/Pois      9%         N/A       21%         3
c - Frozen Ramparts       Ice            12%        1d3       34%         3

Your spell library contained the following spells:

 Spells                   Type           Power      Damage    Failure   Level
 Wereblood                Tmut           13%        N/A       6%          2
 Ice Form                 Ice/Tmut       9%         N/A       56%         4
 Summon Ice Beast         Ice/Summ       3%         N/A       86%         4
 Passage of Golubria      Tloc           1%         N/A       94%         4
 Silence                  Hex/Air        0%         N/A       100%        5
 Summon Forest            Summ/Tloc      0%         N/A       100%        5
 Eringya's Noxious Bog    Tmut/Pois      4%         N/A       100%        6
 Summon Hydra             Summ           0%         N/A       100%        7
 Lehudib's Crystal Spear  Conj/Erth      0%         10d2      100%        8


Dungeon Overview and Level Annotations

Branches:
Dungeon (5/15)
 Temple: D:4-7

Altars:
Makhleb
Vehumet

Shops:
D:3 [   D:4 (

Annotations:
D:2 1 runed translucent door, Crazy Yiuf


Innate Abilities, Weirdness & Mutations

You have temporarily grown beastly horns and talons.
You can breathe blasts of scalding, opaque steam.
Your pale cyan-grey scales are hard. (AC +6)
You cannot fit into any form of body armour.
You are cold-blooded and may be slowed by cold attacks.
You are immune to the effects of steam.


Message History

You hit the orc.
You kill the orc!
The dart slug launches a dart at you. The slug dart misses you.
You hit the orc priest but do no damage.
The orc priest hits you with a +0 flail!
You hit the orc priest.
The orc priest is poisoned.
The orc priest is lightly wounded.
Your transformation has ended.
Your +1 hat unmelds from your body.
You barely miss the orc priest.
The orc priest is lightly wounded.
The orc priest mumbles some strange prayers to Beogh against you.
Beogh smites you! The dart slug bites you.
Unknown command.
Casting: Spider Form (dangerous; 21% risk of failure)
Confirm with . or Enter, or press ? or * to list all spells.
You miscast Spider Form.
You are very lightly contaminated with residual magic.
Nothing appears to happen.
The orc priest hits you with a +0 flail!
* * * LOW HITPOINT WARNING * * *
You hit the orc priest.
The orc priest is moderately wounded.
The orc priest misses you. The dart slug launches a dart at you.
The slug dart misses you.
The slug dart hits the orc priest.
Casting: Spider Form (dangerous; 21% risk of failure)
Confirm with . or Enter, or press ? or * to list all spells.
You grow a pair of large bovine horns.
Your feet morph into talons.
Your +1 hat melds into your body.
The orc priest barely misses you. The dart slug bites you.
* * * LOW HITPOINT WARNING * * *
You hit the orc priest. You claw the orc priest.
Your headbutt misses the orc priest.
You punch the orc priest, but do no damage.
The orc priest is almost dead.
The orc priest mumbles some strange prayers to Beogh against you.
Beogh smites you!
You die...

#.#.#.## ##.......
###.#<....
#.......##.###...###.##
##................###.#
.......).##.###.......#
#............##.######
#.................#
#....o).#########.#
#....)@.# #.# #######w#
#.# ####.#### ###.###
..# #.......# #.)...#
#.# #.......# #.###.#
#.# #.......# #.# #.#
..# #.......# #.###†#
#.# #.......# #>....#
#.####.......# ###.###


You could see an orc priest (poisoned) and a dart slug.

Vanquished Creatures
  2 ogres
  2 phantoms
  A crimson imp (D:3)
  A jelly (D:4)
  Jessica (D:2)
  3 iguanas
  3 adders
  2 adder skeletons (D:4)
  3 worms
  5 dart slugs
  3 orcs
  2 bats
  5 endoplasms
  7 giant cockroaches
  9 goblins
  3 hobgoblins
  4 jackals
  2 quokkas
  2 ball pythons (D:2)
  2 frilled lizards
  6 kobolds
  A quokka skeleton (D:4)
  4 rats
73 creatures vanquished.

Notes
Turn   | Place    | Note
-------+----------+-------------------------------------------
     0 | D:1      | fragbeetle the Draconian Transmuter began the quest for the
                  | Orb.
     0 | D:1      | Reached XP level 1. HP: 16/16 MP: 3/3
    60 | D:1      | Found a faded altar of an unknown god.
   241 | D:1      | Reached XP level 2. HP: 23/23 MP: 3/5
   835 | D:2      | Noticed Jessica
   848 | D:2      | Killed Jessica
   849 | D:2      | Reached XP level 3. HP: 27/29 MP: 6/6
   854 | D:2      | Learned a level 3 spell: Spider Form
  1151 | D:2      | Reached XP level 4. HP: 32/36 MP: 7/7
  1157 | D:2      | Learned a level 3 spell: Frozen Ramparts
  1313 | D:2      | Found a runed translucent door.
  1314 | D:2      | Noticed Crazy Yiuf
  2244 | D:3      | Reached XP level 5. HP: 37/41 MP: 6/8
  2316 | D:3      | Found a burning altar of Makhleb.
  2318 | D:3      | Found a radiant altar of Vehumet.
  2325 | D:3      | Reached skill level 4 in Unarmed Combat
  2325 | D:3      | Reached skill level 1 in Poison Magic
  2385 | D:3      | Found Biwih's Antique Armour Shoppe.
  2595 | D:4      | Noticed a phantom
  2622 | D:4      | Killed a phantom
  2623 | D:4      | Reached skill level 1 in Ice Magic
  2623 | D:4      | Reached XP level 6. HP: 49/50 MP: 5/9
  2821 | D:4      | Found Nilofi Oxia's Weapon Emporium.
  3435 | D:5      | Entered Level 5 of the Dungeon
  3548 | D:5      | Your scales start taking on a pale cyan-grey colour.
  3548 | D:5      | Reached XP level 7. HP: 56/56 MP: 6/10
  3548 | D:5      | Gained mutation: You are immune to the effects of steam.
                  | [Pale Draconian growth]
  3634 | D:5      | Reached skill level 5 in Unarmed Combat
  3644 | D:5      | Killed from afar by an orc priest

Illustrated notes

Levels and vault maps discovered:
D:1:      dpeg_arrival_orchard, layout_loops_ring,
          dreamdust_ecumenical_altar_statues
D:2:      layout_loops_ring, uniq_crazy_yiuf_cottage, uniq_jessica
D:3:      layout_rooms, grunt_temple_overflow_lords_of_destruction,
          serial_shops, shop_coins
D:4:      layout_loops_cross, serial_shops, nicolae_lakefront_shop,
          minmay_between
D:5:      layout_loops_cross, minmay_misc_feat_tiny, uniq_duvessa

Skill      XL: |  1  2  3  4  5  6  7 |
---------------+----------------------+-----
Dodging        | 2 3 |  3.1
Fighting       | 2 3 |  3.0
Transmutations | 3 4 |  4.5
Unarmed Combat | 4 5 |  5.0
Poison Magic   | 1 2 |  2.0
Ice Magic      | 1 |  1.9
Spellcasting   | |  2.0

Action                   |  1- 3 |  4- 6 |  7- 9 || total
-------------------------+-------+-------+-------++-------
Melee: Unarmed           |    63 |   127 |    28 ||   218
       Kick              |    16 |    29 |     3 ||    48
       Headbutt          |     9 |    22 |     1 ||    32
       Tailslap          |     6 |    14 |     1 ||    21
       Punch             |     1 |     3 |     1 ||     5
 Cast: Beastly Appendage |    21 |    27 |     2 ||    50
       Spider Form       |       |     4 |     1 ||     5
 Stab: Sleeping          |       |     1 |       ||     1
Armor: Skin              |     8 |    20 |     6 ||    34
Dodge: Dodged            |    39 |    50 |    22 ||   111

Table legend: (Time is in decaauts)
 A = Elapsed time spent in this place.
 B = Non-inter-level travel time spent in this place.
 C = Inter-level travel time spent in this place.
 D = Time resting spent in this place.
 E = Time spent auto-exploring this place.
 F = Levels seen in this place.
 G = Mean time per level.
                   A        B        C        D        E       F      G
               +--------+--------+--------+--------+--------+-----+--------+
         Total |   3628 |   3565 |     63 |    299 |   2491 |   5 |  725.6 |
       Dungeon |   3628 |   3565 |     63 |    299 |   2491 |   5 |  725.6 |
               +--------+--------+--------+--------+--------+-----+--------+

Top non-repeatable levels by time:
     D:2: 999 daAuts
     D:4: 911 daAuts
     D:1: 769 daAuts
     D:3: 742 daAuts
     D:5: 205 daAuts
